[Event "23rd OIBM 2019"]
[Site "Gmund am Tegernsee"]
[Date "2019.10.26"]
[Round "1.5"]
[White "Ramaraju, N."]
[Black "Gareyev, Timur"]
[Result "0-1"]
[ECO "A21"]
[WhiteElo "2139"]
[BlackElo "2591"]
[Annotator "ChessBase"]
[PlyCount "44"]
[EventDate "2019.10.17"]
[EventType "swiss"]
[EventCountry "GER"]
[SourceTitle "playchess.com"]
[Source "ChessBase"]
[SourceQuality "1"]
[TimeControl "40/5400+30:1800+30"]

1. c4 e5 2. Nc3 Bb4 3. Nd5 a5 4. a3 Bc5 5. e3 d6 6. d4 Ba7 7. dxe5 dxe5 8. Nf3 e4 9. Nd2 Bf5 10. Qc2 Nf6 11. Nc3 O-O 12. Be2 Nbd7 13. O-O Ne5 14. Rd1 Qe7 15. Ndxe4 Nxe4 16. Nxe4 Rad8 17. Re1 Qh4 18. Bf3 Rfe8 19. Qe2 Bxe4 20. Bxe4 Qxe4 21. b3 Nd3 22. Rd1 Nf4 0-1

[Event "23rd OIBM 2019"]
[Site "Gmund am Tegernsee"]
[Date "2019.10.26"]
[Round "1.6"]
[White "Azarov, Sergei"]
[Black "Huenerfauth, Uwe"]
[Result "1-0"]
[ECO "C60"]
[WhiteElo "2586"]
[BlackElo "2138"]
[Annotator "ChessBase"]
[PlyCount "53"]
[EventDate "2019.10.17"]
[EventType "swiss"]
[EventCountry "GER"]
[SourceTitle "playchess.com"]
[Source "ChessBase"]
[SourceQuality "1"]
[TimeControl "40/5400+30:1800+30"]

1. e4 e5 2. Nf3 Nc6 3. Bb5 Nge7 4. c3 g6 5. d4 exd4 6. cxd4 d5 7. Bxc6+ bxc6 8. e5 Bg7 9. O-O O-O 10. h3 Rb8 11. b3 f6 12. Nc3 fxe5 13. Nxe5 Qd6 14. Na4 Rb4 15. Ba3 Rxd4 16. Qxd4 Qxa3 17. f4 Nf5 18. Qd3 Qd6 19. Rac1 Ne7 20. Qc2 Bf5 21. Qc5 Bxe5 22. fxe5 Qxe5 23. Rce1 Be4 24. Rxf8+ Kxf8 25. Nc3 Qg3 26. Re2 Qd3 27. Re3 1-0

[Event "23rd OIBM 2019"]
[Site "Gmund am Tegernsee"]
[Date "2019.10.26"]
[Round "1.7"]
[White "Babar, Michael"]
[Black "Santos Latasa, Jaime"]
[Result "0-1"]
[ECO "B30"]
[WhiteElo "2137"]
[BlackElo "2580"]
[Annotator "ChessBase"]
[PlyCount "66"]
[EventDate "2019.10.17"]
[EventType "swiss"]
[EventCountry "GER"]
[SourceTitle "playchess.com"]
[Source "ChessBase"]
[SourceQuality "1"]
[TimeControl "40/5400+30:1800+30"]

1. e4 c5 2. Nf3 Nc6 3. Bb5 Nf6 4. Bxc6 dxc6 5. Qe2 g6 6. O-O Bg7 7. d3 Nd7 8. Nbd2 e5 9. Nc4 Qe7 10. a4 Nf8 11. c3 Bg4 12. h3 Bxf3 13. Qxf3 Ne6 14. Be3 O-O 15. Qg3 Qc7 16. f4 exf4 17. Bxf4 Nxf4 18. Qxf4 Qxf4 19. Rxf4 Rad8 20. Rf3 Rd7 21. Kf2 b6 22. g4 Re8 23. Ke2 Re6 24. Ne3 Bf6 25. Nc4 Bg5 26. Ne3 Kg7 27. Nc4 b5 28. axb5 cxb5 29. Ne3 c4 30. Rd1 cxd3+ 31. Rxd3 Rde7 32. Rd5 h6 33. Kd3 Rxe4 {[%emt 0:00:32] Kd4} 0-1

[Event "23rd OIBM 2019"]
[Site "Gmund am Tegernsee"]
[Date "2019.10.26"]
[Round "1.8"]
[White "Peralta, Fernando"]
[Black "Viebahn, Dirk"]
[Result "1-0"]
[ECO "D86"]
[WhiteElo "2569"]
[BlackElo "2137"]
[Annotator "RC"]
[PlyCount "61"]
[EventDate "2019.10.17"]
[EventType "swiss"]
[EventCountry "GER"]
[SourceTitle "playchess.com"]
[Source "ChessBase"]
[SourceQuality "1"]
[TimeControl "40/5400+30:1800+30"]

1. d4 Nf6 2. c4 g6 3. Nc3 d5 4. cxd5 Nxd5 5. e4 Nxc3 6. bxc3 Bg7 7. Bc4 c5 8. Ne2 Nc6 9. Be3 O-O 10. O-O Bg4 11. f3 Bd7 12. Rb1 Na5 13. Bd3 cxd4 14. cxd4 a6 15. d5 b5 16. Qd2 Rc8 17. Rfc1 f5 18. Rxc8 Bxc8 19. a4 fxe4 20. fxe4 Bd7 21. axb5 axb5 22. Qa2 Nb7 23. Nd4 Nd6 24. Nc6 Bxc6 25. dxc6+ Kh8 26. Qd5 Qa5 27. e5 Nf5 28. Bxf5 Rxf5 29. Qxb5 Qc3 30. Qc5 Qxc5 31. Rb8+ 1-0

[Event "23rd OIBM 2019"]
[Site "Gmund am Tegernsee"]
[Date "2019.10.26"]
[Round "1.9"]
[White "Tillmann, Markus"]
[Black "Idani, Pouya"]
[Result "0-1"]
[ECO "A04"]
[WhiteElo "2136"]
[BlackElo "2568"]
[Annotator "ChessBase"]
[PlyCount "56"]
[EventDate "2019.10.17"]
[EventType "swiss"]
[EventCountry "GER"]
[SourceTitle "playchess.com"]
[Source "ChessBase"]
[SourceQuality "1"]
[TimeControl "40/5400+30:1800+30"]

1. Nf3 c5 2. g3 g6 3. Bg2 Bg7 4. Nc3 Nc6 5. O-O d6 6. e4 e5 7. Nd5 Nge7 8. Nxe7 Qxe7 9. d3 O-O 10. c3 f5 11. exf5 gxf5 12. Ng5 Qe8 13. Bd5+ Kh8 14. f4 h6 15. Nf3 Ne7 16. Qb3 Bd7 17. a4 Nxd5 18. Qxd5 e4 19. Nh4 Bc6 20. Qxd6 Bf6 21. Ng2 Rd8 22. Qxc5 exd3 23. Qe3 Qd7 24. Bd2 Rfe8 25. Qxa7 Qd5 26. Rf2 Re2 27. Qb6 Rde8 28. Rd1 Rxf2 0-1

[Event "23rd OIBM 2019"]
[Site "Gmund am Tegernsee"]
[Date "2019.10.26"]
[Round "1.10"]
[White "Bernadskiy, Vitaliy"]
[Black "Gschwendtner, Klaus"]
[Result "1-0"]
[ECO "C71"]
[WhiteElo "2554"]
[BlackElo "2133"]
[Annotator "ChessBase"]
[PlyCount "93"]
[EventDate "2019.10.17"]
[EventType "swiss"]
[EventCountry "GER"]
[SourceTitle "playchess.com"]
[Source "ChessBase"]
[SourceQuality "1"]
[TimeControl "40/5400+30:1800+30"]

1. e4 e5 2. Nf3 Nc6 3. Bb5 a6 4. Ba4 d6 5. d4 b5 6. Bb3 Nxd4 7. Nxd4 exd4 8. c3 dxc3 9. Nxc3 Nf6 10. e5 dxe5 11. Bxf7+ Ke7 12. Qxd8+ Kxd8 13. Bg5 Bb7 14. O-O-O+ Bd6 15. Rhe1 Rf8 16. Bb3 Bxg2 17. f4 exf4 18. Bxf4 Ne8 19. Bg5+ Nf6 20. Rg1 Bc6 21. Bh4 Kc8 22. Rxg7 Bxh2 23. Bf7 Bf4+ 24. Kc2 Ne4 25. Nd5 Bd6 26. Be7 Rh8 27. Re1 Nc5 28. Bxd6 cxd6 29. Nb6+ Kb8 30. Re7 Ra7 31. Rxa7 Kxa7 32. Nd5 Rb8 33. Ne7 Be4+ 34. Kc3 Rb7 35. Nc8+ Kb8 36. Nxd6 Rd7 37. b4 Na4+ 38. Kd4 Rxd6+ 39. Kxe4 Rh6 40. Ke5 Nb6 41. Kd4 Rh4+ 42. Kc5 Nd7+ 43. Kd6 Rd4+ 44. Ke7 Kc7 45. Be6 Re4 46. Rxh7 Rxe6+ 47. Kxe6 1-0

[Event "23rd OIBM 2019"]
[Site "Gmund am Tegernsee"]
[Date "2019.10.26"]
[Round "1.12"]
[White "Shevchenko, Kirill"]
[Black "Smits, Mark"]
[Result "1-0"]
[ECO "C60"]
[WhiteElo "2542"]
[BlackElo "2132"]
[Annotator "RC"]
[PlyCount "99"]
[EventDate "2019.10.17"]
[EventType "swiss"]
[EventCountry "GER"]
[SourceTitle "playchess.com"]
[Source "ChessBase"]
[SourceQuality "1"]
[TimeControl "40/5400+30:1800+30"]

1. e4 e5 2. Nf3 Nc6 3. Bb5 Nge7 4. c3 d6 5. d4 Bd7 6. O-O Ng6 7. Be3 Be7 8. Nbd2 O-O 9. Ba4 Qe8 10. Kh1 Nd8 11. Bxd7 Qxd7 12. Qb3 exd4 13. cxd4 Kh8 14. d5 c5 15. dxc6 bxc6 16. Rac1 f5 17. exf5 Rxf5 18. Nd4 Rf8 19. Rfd1 d5 20. Ne2 Bd6 21. Qc2 Qg4 22. Ng3 c5 23. Bxc5 Rc8 24. b4 Rxf2 25. Qb3 Bxc5 26. bxc5 Nf4 27. Qe3 Re2 28. Qf3 Qxf3 29. Nxf3 Rxa2 30. Nd4 Nc6 31. Nxc6 Rxc6 32. Nf5 g6 33. Ne7 Re6 34. c6 Rxe7 35. c7 Re8 36. c8=Q Rxc8 37. Rxc8+ Kg7 38. g3 Nh3 39. Rxd5 h5 40. Rd7+ Kh6 41. Rg8 Nf2+ 42. Kg1 Nh3+ 43. Kf1 Rf2+ 44. Ke1 Rxh2 45. Rd6 Ng1 46. Rgxg6+ Kh7 47. Rge6 Nf3+ 48. Kd1 Kg7 49. Re7+ Kf8 50. Rxa7 1-0

[Event "23rd OIBM 2019"]
[Site "Gmund am Tegernsee"]
[Date "2019.10.26"]
[Round "1.13"]
[White "Kaiser, Elmar"]
[Black "Nasuta, Grzegorz"]
[Result "1-0"]
[ECO "C95"]
[WhiteElo "2131"]
[BlackElo "2534"]
[Annotator "ChessBase"]
[PlyCount "56"]
[EventDate "2019.10.17"]
[EventType "swiss"]
[EventCountry "GER"]
[SourceTitle "playchess.com"]
[Source "ChessBase"]
[SourceQuality "1"]
[TimeControl "40/5400+30:1800+30"]

1. e4 e5 2. Nf3 Nc6 3. Bb5 a6 4. Ba4 Nf6 5. O-O Be7 6. Re1 b5 7. Bb3 d6 8. c3 O-O 9. h3 Nb8 10. d4 Nbd7 11. Nbd2 Bb7 12. Bc2 c5 13. d5 c4 14. Nf1 Qc7 15. Ng3 g6 16. Bh6 Rfb8 17. Qd2 a5 18. Nh2 b4 19. Nf5 Bd8 20. Ba4 Nc5 21. Bf8 Ne8 22. Qh6 Nxa4 23. Bxd6 Qxd6 24. Nxd6 Nxd6 25. cxb4 Nxb2 26. bxa5 Nd3 27. Re2 Nf4 28. Ree1 f5 1-0

[Event "23rd OIBM 2019"]
[Site "Gmund am Tegernsee"]
[Date "2019.10.26"]
[Round "1.14"]
[White "Chanda, Sandipan"]
[Black "Kastek, Thomas"]
[Result "1-0"]
[ECO "E46"]
[WhiteElo "2529"]
[BlackElo "2129"]
[Annotator "ChessBase"]
[PlyCount "41"]
[EventDate "2019.10.17"]
[EventType "swiss"]
[EventCountry "GER"]
[SourceTitle "playchess.com"]
[Source "ChessBase"]
[SourceQuality "1"]
[TimeControl "40/5400+30:1800+30"]

1. d4 Nf6 2. c4 e6 3. Nc3 Bb4 4. e3 O-O 5. Bd2 d5 6. Nf3 b6 7. cxd5 exd5 8. Rc1 Be7 9. Ne5 Bb7 10. Bd3 c5 11. O-O Nbd7 12. f4 Rc8 13. Qf3 cxd4 14. exd4 Ne4 15. Qh3 Ndf6 16. Be3 Qd6 17. Nb5 Qb8 18. g4 Rxc1 19. Bxc1 Rd8 20. g5 Ne8 21. Qf5 1-0

[Event "23rd OIBM 2019"]
[Site "Gmund am Tegernsee"]
[Date "2019.10.26"]
[Round "1.15"]
[White "Lodes, Hermann"]
[Black "Marin, Mihail"]
[Result "0-1"]
[ECO "A10"]
[WhiteElo "2129"]
[BlackElo "2524"]
[Annotator "RC"]
[PlyCount "86"]
[EventDate "2019.10.17"]
[EventType "swiss"]
[EventCountry "GER"]
[SourceTitle "playchess.com"]
[Source "ChessBase"]
[SourceQuality "1"]
[TimeControl "40/5400+30:1800+30"]

1. c4 f5 2. g3 Nf6 3. Bg2 g6 4. Nc3 Bg7 5. d4 O-O 6. Nh3 e6 7. d5 e5 8. d6 cxd6 9. Qxd6 Nc6 10. O-O h6 11. Rd1 Kh7 12. Rb1 Ne8 13. Qd2 d6 14. c5 Be6 15. cxd6 Rf7 16. b3 Rd7 17. Ba3 Bf8 18. Qe3 Qf6 19. Na4 Bxd6 20. Nc5 Re7 21. Bb2 Rc8 22. Nxe6 Rxe6 23. Bxc6 Rxc6 24. Qxa7 Qe7 25. Rbc1 Ra6 26. Qe3 g5 27. Kg2 g4 28. Ng1 Rxa2 29. Rc2 Kg6 30. Rdc1 Nf6 31. Rd1 b6 32. f3 Bc5 33. Qd2 Rd6 34. Qc1 Nd5 35. Rxd5 Rxd5 36. fxg4 Qg5 37. Qb1 Qxg4 38. Nf3 Qe4 39. Qc1 Ra7 40. Kf1 Re7 41. b4 Be3 42. Rc6+ Kh7 43. Qa1 Red7 0-1

[Event "23rd OIBM 2019"]
[Site "Gmund am Tegernsee"]
[Date "2019.10.26"]
[Round "1.16"]
[White "Prusikin, Michael"]
[Black "Nehyba, Martin"]
[Result "1-0"]
[ECO "A85"]
[WhiteElo "2521"]
[BlackElo "2129"]
[Annotator "ChessBase"]
[PlyCount "55"]
[EventDate "2019.10.17"]
[EventType "swiss"]
[EventCountry "GER"]
[SourceTitle "playchess.com"]
[Source "ChessBase"]
[SourceQuality "1"]
[TimeControl "40/5400+30:1800+30"]

1. d4 f5 2. c4 Nf6 3. Nc3 g6 4. h4 Bg7 5. h5 d6 6. hxg6 hxg6 7. Rxh8+ Bxh8 8. Nf3 Nc6 9. Ng5 e6 10. d5 exd5 11. cxd5 Ne5 12. Bf4 Nh5 13. e3 Qe7 14. Bb5+ Kf8 15. Kf1 Nxf4 16. exf4 Nf7 17. Nf3 Bd7 18. Bxd7 Qxd7 19. Nh4 Bf6 20. Nxg6+ Kg7 21. Qh5 Nh6 22. Nh4 Bxh4 23. Qxh4 Rh8 24. Re1 Nf7 25. Qg3+ Kf8 26. Kg1 Qd8 27. Nb5 Rg8 28. Nd4 1-0

[Event "23rd OIBM 2019"]
[Site "Gmund am Tegernsee"]
[Date "2019.10.26"]
[Round "1.17"]
[White "Kaeding, Rainer"]
[Black "Gukesh D"]
[Result "0-1"]
[ECO "A15"]
[WhiteElo "2127"]
[BlackElo "2520"]
[Annotator "RC"]
[PlyCount "76"]
[EventDate "2019.10.17"]
[EventType "swiss"]
[EventCountry "GER"]
[SourceTitle "playchess.com"]
[Source "ChessBase"]
[SourceQuality "1"]
[TimeControl "40/5400+30:1800+30"]

1. c4 Nf6 2. g3 g6 3. Bg2 Bg7 4. Nc3 O-O 5. e4 e5 6. Nge2 Nc6 7. O-O d6 8. d3 Nd7 9. Be3 Nc5 10. Nd5 Bd7 11. Qd2 Ne6 12. f4 f5 13. Rae1 fxe4 14. dxe4 Ncd4 15. Kh1 c6 16. Ndc3 Qa5 17. Nc1 Qb4 18. fxe5 dxe5 19. b3 Rad8 20. Nd3 Qa5 21. Rxf8+ Rxf8 22. Rf1 Rxf1+ 23. Bxf1 Nf3 24. Qb2 Ned4 25. b4 Qd8 26. Qf2 Bg4 27. h3 Be6 28. Nc5 Bc8 29. Ne2 b6 30. Nb3 Nxb3 31. axb3 Nd2 32. Nc1 Nxe4 33. Qf3 Qf8 34. Bg2 Qxf3 35. Bxf3 Nxg3+ 36. Kg2 Nf5 37. Bg5 Nd4 38. Be4 Bf5 0-1

[Event "23rd OIBM 2019"]
[Site "Gmund am Tegernsee"]
[Date "2019.10.26"]
[Round "1.18"]
[White "Asadli, Vugar"]
[Black "Wenner, Tobias"]
[Result "1-0"]
[ECO "B10"]
[WhiteElo "2513"]
[BlackElo "2127"]
[Annotator "ChessBase"]
[PlyCount "47"]
[EventDate "2019.10.17"]
[EventType "swiss"]
[EventCountry "GER"]
[SourceTitle "playchess.com"]
[Source "ChessBase"]
[SourceQuality "1"]
[TimeControl "40/5400+30:1800+30"]

1. e4 c6 2. c4 d5 3. cxd5 cxd5 4. exd5 Nf6 5. Nc3 Nxd5 6. Nf3 e6 7. d4 Be7 8. Bd3 Nd7 9. Nxd5 exd5 10. O-O O-O 11. Re1 Re8 12. Bf4 Nf8 13. Qb3 Ne6 14. Be5 f6 15. Bg3 Bd6 16. Rac1 Bxg3 17. hxg3 Qd6 18. Qc2 Bd7 19. Bxh7+ Kh8 20. Bg6 Rec8 21. Qf5 Rxc1 22. Qh5+ Kg8 23. Qh7+ Kf8 24. Qh8+ 1-0

[Event "23rd OIBM 2019"]
[Site "Gmund am Tegernsee"]
[Date "2019.10.26"]
[Round "1.19"]
[White "Konik, Michael"]
[Black "Engel, Luis"]
[Result "0-1"]
[ECO "B23"]
[WhiteElo "2126"]
[BlackElo "2507"]
[Annotator "ChessBase"]
[PlyCount "56"]
[EventDate "2019.10.17"]
[EventType "swiss"]
[EventCountry "GER"]
[SourceTitle "playchess.com"]
[Source "ChessBase"]
[SourceQuality "1"]
[TimeControl "40/5400+30:1800+30"]

1. e4 c5 2. Nc3 Nc6 3. f4 g6 4. Nf3 Bg7 5. Bb5 Nd4 6. O-O Nxb5 7. Nxb5 Nf6 8. e5 Nd5 9. Ng5 O-O 10. Ne4 b6 11. d4 cxd4 12. Qxd4 Nc7 13. a4 d6 14. Be3 Nxb5 15. axb5 Bb7 16. Nf2 Qc7 17. Nd3 Qxc2 18. Rf2 Qb3 19. Nb4 dxe5 20. fxe5 Rfd8 21. Qf4 g5 22. Qxg5 Qxb4 23. Raf1 f6 24. Qg3 Qe4 25. exf6 exf6 26. Rf4 Qe5 27. Qf2 Be4 28. Qh4 f5 0-1

[Event "23rd OIBM 2019"]
[Site "Gmund am Tegernsee"]
[Date "2019.10.26"]
[Round "1.20"]
[White "Vetoshko, Volodymyr"]
[Black "Lettl, Gerhard"]
[Result "1-0"]
[ECO "C50"]
[WhiteElo "2506"]
[BlackElo "2126"]
[Annotator "RC"]
[PlyCount "117"]
[EventDate "2019.10.17"]
[EventType "swiss"]
[EventCountry "GER"]
[SourceTitle "playchess.com"]
[Source "ChessBase"]
[SourceQuality "1"]
[TimeControl "40/5400+30:1800+30"]

1. e4 e5 2. Nf3 Nc6 3. Bc4 Nf6 4. d3 Bc5 5. O-O d6 6. c3 O-O 7. a4 a6 8. h3 Ba7 9. Nbd2 Qe7 10. Bb3 Be6 11. Bc2 Nd7 12. Re1 h6 13. Nf1 f5 14. d4 fxe4 15. Bxe4 d5 16. Bc2 e4 17. N3h2 Nce5 18. Kh1 Qh4 19. dxe5 Bxf2 20. Re2 Nxe5 21. Be3 Bxe3 22. Nxe3 c6 23. Qe1 Qg5 24. Rd1 Rad8 25. a5 c5 26. Red2 Nc6 27. Bb3 c4 28. Bc2 Nxa5 29. h4 Qe5 30. Nhg4 Bxg4 31. Rxd5 Rxd5 32. Rxd5 Qf4 33. Rxa5 Be6 34. Ra1 g5 35. Rd1 gxh4 36. Rd4 h3 37. Rxe4 hxg2+ 38. Nxg2 Qf1+ 39. Kh2 Qxe1 40. Nxe1 Bd5 41. Rd4 Bc6 42. Rxc4 Rf2+ 43. Kg1 Re2 44. Kf1 Rh2 45. Rf4 Kg7 46. Rf2 Rh1+ 47. Ke2 Rh5 48. Nf3 Rb5 49. Nd4 Re5+ 50. Kd2 Bd7 51. Rg2+ Kf7 52. Bb3+ Ke7 53. Rg7+ Kd8 54. Rh7 a5 55. Rxh6 a4 56. Bd1 a3 57. bxa3 Ra5 58. Bf3 Rxa3 59. Bxb7 1-0

[Event "23rd OIBM 2019"]
[Site "Gmund am Tegernsee"]
[Date "2019.10.26"]
[Round "1.22"]
[White "Krzyzanowski, Marcin"]
[Black "Schoetzig, Detlef"]
[Result "1-0"]
[ECO "D02"]
[WhiteElo "2500"]
[BlackElo "2125"]
[Annotator "ChessBase"]
[PlyCount "61"]
[EventDate "2019.10.17"]
[EventType "swiss"]
[EventCountry "GER"]
[SourceTitle "playchess.com"]
[Source "ChessBase"]
[SourceQuality "1"]
[TimeControl "40/5400+30:1800+30"]

1. d4 Nf6 2. Bf4 d5 3. Nf3 c6 4. Nbd2 Bf5 5. h3 h6 6. e3 e6 7. Bd3 Bxd3 8. cxd3 Bd6 9. Ne5 O-O 10. g4 Nh7 11. h4 f6 12. Ng6 Re8 13. Nf3 Bxf4 14. exf4 Nd7 15. g5 Nhf8 16. Nxf8 Rxf8 17. gxh6 gxh6 18. f5 exf5 19. h5 Re8+ 20. Kf1 Nf8 21. Qd2 Kh7 22. Qf4 Qd7 23. Nh4 Qe6 24. Nxf5 Qe2+ 25. Kg2 Ne6 26. Qxh6+ Kg8 27. Rh3 Kf7 28. Qg6+ Kf8 29. Qxf6+ Kg8 30. Rg3+ Kh7 31. Qh6# 1-0

[Event "23rd OIBM 2019"]
[Site "Gmund am Tegernsee"]
[Date "2019.10.26"]
[Round "1.23"]
[White "Schliebener, Stephan"]
[Black "Del Rio De Angelis, Salvador G."]
[Result "0-1"]
[ECO "A45"]
[WhiteElo "2124"]
[BlackElo "2491"]
[Annotator "ChessBase"]
[PlyCount "64"]
[EventDate "2019.10.17"]
[EventType "swiss"]
[EventCountry "GER"]
[SourceTitle "playchess.com"]
[Source "ChessBase"]
[SourceQuality "1"]
[TimeControl "40/5400+30:1800+30"]

1. d4 Nf6 2. Bf4 c5 3. d5 b5 4. c4 Bb7 5. e3 g6 6. Be5 Bg7 7. b3 O-O 8. Nf3 bxc4 9. bxc4 d6 10. Bb2 e6 11. dxe6 fxe6 12. Be2 Qb6 13. Qc1 Nbd7 14. Nbd2 Rab8 15. Bc3 Qc6 16. O-O g5 17. h3 Rf7 18. Qc2 g4 19. hxg4 Nxg4 20. Nb3 Bxc3 21. Qxc3 Rg7 22. Na5 Qc7 23. Nxb7 Rxb7 24. Rad1 Ndf6 25. Bd3 Qc6 26. Rb1 Ne5 27. Ne1 Nf3+ 28. Nxf3 Rxg2+ 29. Kxg2 Rg7+ 30. Kh2 Ng4+ 31. Kg3 Ne5+ 32. Kh4 Rg4+ 0-1

[Event "23rd OIBM 2019"]
[Site "Gmund am Tegernsee"]
[Date "2019.10.26"]
[Round "1.24"]
[White "Yankelevich, Lev"]
[Black "Juergens, Klaus"]
[Result "1-0"]
[ECO "E81"]
[WhiteElo "2480"]
[BlackElo "2121"]
[Annotator "ChessBase"]
[PlyCount "75"]
[EventDate "2019.10.17"]
[EventType "swiss"]
[EventCountry "GER"]
[SourceTitle "playchess.com"]
[Source "ChessBase"]
[SourceQuality "1"]
[TimeControl "40/5400+30:1800+30"]

1. d4 Nf6 2. c4 g6 3. Nc3 Bg7 4. e4 d6 5. f3 O-O 6. Be3 c5 7. Nge2 cxd4 8. Nxd4 Nc6 9. Qd2 Bd7 10. Be2 Nxd4 11. Bxd4 a5 12. b3 Bc6 13. O-O Nd7 14. Be3 Nc5 15. Rab1 Qb6 16. Rfc1 Rfc8 17. Rc2 Qd8 18. Bf1 h5 19. g3 Qf8 20. Bg2 e6 21. Rd1 Rd8 22. Bf4 Be5 23. Bh6 Qe7 24. Bg5 Bf6 25. Bxf6 Qxf6 26. f4 e5 27. f5 g5 28. Qe3 Kf8 29. h3 h4 30. g4 Qe7 31. Rb1 f6 32. a3 Qc7 33. Kh2 Qb6 34. Rd2 Na4 35. Qxb6 Nxb6 36. Rbd1 a4 37. c5 Nd7 38. b4 1-0

[Event "23rd OIBM 2019"]
[Site "Gmund am Tegernsee"]
[Date "2019.10.26"]
[Round "1.26"]
[White "Vogel, Roven"]
[Black "Schmidt, Gerhard"]
[Result "1-0"]
[ECO "E71"]
[WhiteElo "2456"]
[BlackElo "2118"]
[Annotator "ChessBase"]
[PlyCount "73"]
[EventDate "2019.10.17"]
[EventType "swiss"]
[EventCountry "GER"]
[SourceTitle "playchess.com"]
[Source "ChessBase"]
[SourceQuality "1"]
[TimeControl "40/5400+30:1800+30"]

1. c4 Nf6 2. Nc3 g6 3. e4 d6 4. d4 Bg7 5. h3 O-O 6. Be3 c5 7. Nge2 cxd4 8. Nxd4 b6 9. Qd2 Bb7 10. f3 Nbd7 11. O-O-O a6 12. h4 h5 13. Bh6 Rc8 14. g4 Ne5 15. Bxg7 Kxg7 16. g5 Nfd7 17. b3 b5 18. cxb5 axb5 19. Bxb5 Nc5 20. Kb2 Qb6 21. a4 Ncd3+ 22. Bxd3 Qxd4 23. Be2 Qf2 24. Qd4 Qg3 25. Qe3 Ng4 26. Qg1 Qe5 27. Rd4 Rxc3 28. Kxc3 Qa5+ 29. Kb2 Rc8 30. Qe1 Qe5 31. Qd2 Nf2 32. Rf1 Bxe4 33. fxe4 Nxe4 34. Qe3 Ng3 35. Qxe5+ dxe5 36. Rc4 Rd8 37. Rd1 1-0

[Event "23rd OIBM 2019"]
[Site "Gmund am Tegernsee"]
[Date "2019.10.26"]
[Round "1.27"]
[White "Lohvinov, Petro"]
[Black "Parvanyan, Ashot"]
[Result "0-1"]
[ECO "C03"]
[WhiteElo "2117"]
[BlackElo "2448"]
[Annotator "RC"]
[PlyCount "124"]
[EventDate "2019.10.17"]
[EventType "swiss"]
[EventCountry "GER"]
[SourceTitle "playchess.com"]
[Source "ChessBase"]
[SourceQuality "1"]
[TimeControl "40/5400+30:1800+30"]

1. e4 e6 2. d4 d5 3. Nd2 Be7 4. c3 c5 5. Bd3 cxd4 6. cxd4 Nc6 7. Ngf3 dxe4 8. Nxe4 Nf6 9. O-O O-O 10. Nc3 b6 11. a3 Bb7 12. Bc2 Qd6 13. Qd3 Rfd8 14. Be3 Rac8 15. Rad1 g6 16. Bg5 Nd5 17. Ne4 Qc7 18. Bb1 Bxg5 19. Nfxg5 Nf4 20. Qe3 Nxd4 21. Rfe1 h6 22. Nh3 Nxh3+ 23. Qxh3 Ne2+ 24. Kh1 Kg7 25. Qe3 Nf4 26. f3 Bxe4 27. Bxe4 Qe5 28. Qb3 Qg5 29. g3 Nh3 30. Rxd8 Rxd8 31. Qc3+ Qf6 32. Kg2 Qxc3 33. bxc3 Ng5 34. f4 Rd2+ 35. Kg1 Nh3+ 36. Kh1 Nf2+ 37. Kg1 Nd1 38. c4 Nb2 39. Rc1 Rd4 40. Bg2 Nxc4 41. Rc3 Rd1+ 42. Kf2 Rd2+ 43. Kg1 Nd6 44. Bc6 Kf6 45. a4 Ra2 46. h4 h5 47. Kf1 Kf5 48. Re3 Nc4 49. Rd3 Rd2 50. Rc3 Nd6 51. Re3 Rc2 52. Bf3 Nc4 53. Re2 Rxe2 54. Kxe2 e5 55. fxe5 Nxe5 56. Bd5 f6 57. Bb7 Nf7 58. Bc8+ Ke4 59. Bd7 Ne5 60. Be8 a6 61. Kf2 Kd5 62. Ke3 Kd6 0-1

[Event "23rd OIBM 2019"]
[Site "Gmund am Tegernsee"]
[Date "2019.10.26"]
[Round "1.28"]
[White "Hoffmann, Michael"]
[Black "Kick, Joachim"]
[Result "1-0"]
[ECO "A29"]
[WhiteElo "2445"]
[BlackElo "2116"]
[Annotator "NA"]
[PlyCount "49"]
[EventDate "2019.10.17"]
[EventType "swiss"]
[EventCountry "GER"]
[SourceTitle "playchess.com"]
[Source "ChessBase"]
[SourceQuality "1"]
[TimeControl "40/5400+30:1800+30"]

1. c4 e5 2. Nc3 Nf6 3. Nf3 Nc6 4. g3 Bb4 5. Nd5 Bc5 6. Bg2 O-O 7. d3 Nxd5 8. cxd5 Nd4 9. Nd2 d6 10. e3 Nf5 11. Ne4 Bb6 12. O-O a6 13. Bd2 Ne7 14. Nc3 f5 15. f4 exf4 16. gxf4 Ng6 17. Rf3 Qe7 18. Kh1 Nh4 19. Rg3 Nxg2 20. Rxg2 Bd7 21. Qf3 Be8 22. Rag1 g6 23. Rg5 Bf7 24. Rxf5 Rae8 25. Ne4 1-0

[Event "23rd OIBM 2019"]
[Site "Gmund am Tegernsee"]
[Date "2019.10.26"]
[Round "1.29"]
[White "Teuschler, Hugo"]
[Black "Womacka, Mathias"]
[Result "0-1"]
[ECO "B96"]
[WhiteElo "2116"]
[BlackElo "2436"]
[Annotator "NA"]
[PlyCount "68"]
[EventDate "2019.10.17"]
[EventType "swiss"]
[EventCountry "GER"]
[SourceTitle "playchess.com"]
[Source "ChessBase"]
[SourceQuality "1"]
[TimeControl "40/5400+30:1800+30"]

1. e4 c5 2. Nf3 d6 3. d4 cxd4 4. Nxd4 Nf6 5. Nc3 a6 6. Bg5 e6 7. f4 h6 8. Bh4 Qb6 9. a3 Nbd7 10. Bc4 e5 11. fxe5 dxe5 12. Nf5 g6 13. Nd5 Nxd5 14. Qxd5 Rh7 15. O-O-O gxf5 16. exf5 Be7 17. Bxe7 Kxe7 18. Rhf1 Kf8 19. f6 Nxf6 20. Qxe5 Ng4 21. Rxf7+ Rxf7 22. Qh8+ Ke7 23. Bxf7 Kxf7 24. Qh7+ Kf6 25. Rf1+ Kg5 26. Qe7+ Kh5 27. Qf7+ Qg6 28. Qf3 Be6 29. h3 Rc8 30. hxg4+ Qxg4 31. Rh1+ Kg6 32. Qxb7 Qe2 33. c3 Rf8 34. Qb6 Rf2 0-1

[Event "23rd OIBM 2019"]
[Site "Gmund am Tegernsee"]
[Date "2019.10.26"]
[Round "1.30"]
[White "Bellia, Fabrizio"]
[Black "Schatz, Dieter"]
[Result "1-0"]
[ECO "C18"]
[WhiteElo "2433"]
[BlackElo "2113"]
[Annotator "NA"]
[PlyCount "71"]
[EventDate "2019.10.17"]
[EventType "swiss"]
[EventCountry "GER"]
[SourceTitle "playchess.com"]
[Source "ChessBase"]
[SourceQuality "1"]
[TimeControl "40/5400+30:1800+30"]

1. e4 e6 2. d4 d5 3. Nc3 Bb4 4. e5 c5 5. a3 Bxc3+ 6. bxc3 Ne7 7. h4 Qa5 8. Bd2 Qa4 9. Nf3 c4 10. h5 h6 11. Nh4 Nbc6 12. g3 Bd7 13. Bh3 O-O-O 14. O-O Rdg8 15. Ng2 g5 16. Ne3 Nb8 17. Ng4 Bc6 18. Nf6 Rf8 19. f4 gxf4 20. Bxf4 Nd7 21. Qd2 Ng8 22. Ng4 f5 23. exf6 Ngxf6 24. Nxf6 Rxf6 25. Bd6 b6 26. Be7 Rxf1+ 27. Rxf1 Re8 28. Rf7 Kb7 29. Bxe6 Ka6 30. Bf5 Qb5 31. Bb4 Nc5 32. dxc5 bxc5 33. Qf2 d4 34. cxd4 cxb4 35. d5 Bb7 36. Rf6+ 1-0